Map: Orbital Shipyard

Players

ILLBdA - Winner!

  • Race: Protoss Protoss
  • League: Diamond

류쭈

  • Race: Protoss Protoss
  • League: Diamond

VOD

Have the link to the VOD?

Description

Time

  • Played on: Dec. 14, 2015, 7:50 a.m.
  • Length: 4:25
Show
View Real Time Build Order
Export as new Build Order

ILLBdA Protoss - Winner!

Build Orders:  

Get SALT Encoding   

  13  0:10  Pylon  
  13  0:12  Probe (Chrono Boost)  
  13  0:23  Probe (Chrono Boost)  
  14  0:30  Gateway  
  14  0:34  Probe (Chrono Boost)  
  15  0:45  Probe (Chrono Boost)  
  15  0:46  Assimilator  
  16  0:51  Assimilator  
  16  0:55  Probe (Chrono Boost)  
  17  1:06  Probe (Chrono Boost)  
  18  1:16  Probe (Chrono Boost)  
  19  1:18  Cybernetics Core  
  19  1:27  Probe (Chrono Boost), Pylon  
  20  1:38  Probe (Chrono Boost)  
  21  1:54  Stalker (Chrono Boost)  
  21  1:56  Mothership Core  
  25  2:01  Warp Gate (Chrono Boost)  
  25  2:08  Pylon  
  25  2:21  Stalker (Chrono Boost)  
  27  2:29  Gateway  
  27  2:31  Gateway  
  27  2:51  Stalker  
  29  2:54  Gateway  
  29  3:18  Stalker x2  
  29  3:54  Stalker x2  
  29  3:55  Stalker  
  35  4:06  Pylon  
Show
View Real Time Build Order
Export as new Build Order

류쭈 Protoss 

Build Orders: 1 Gate Expand, Oracle Opening 

Get SALT Encoding   

  12  0:01  Probe (Chrono Boost)  
  13  0:11  Probe (Chrono Boost)  
  14  0:18  Pylon  
  14  0:22  Probe (Chrono Boost)  
  15  0:36  Probe (Chrono Boost)  
  15  0:38  Gateway  
  16  0:47  Probe (Chrono Boost), Assimilator  
  17  0:57  Probe (Chrono Boost)  
  18  1:08  Probe (Chrono Boost)  
  19  1:19  Nexus  
  19  1:29  Cybernetics Core  
  19  1:34  Assimilator  
  19  1:44  Pylon  
  19  1:45  Probe (Chrono Boost)  
  20  1:56  Probe (Chrono Boost)  
  21  2:06  Adept  
  23  2:11  Warp Gate  
  23  2:14  Probe (Chrono Boost)  
  24  2:23  Pylon  
  24  2:25  Mothership Core (Chrono Boost)  
  25  2:35  Probe (Chrono Boost)  
  26  2:43  Probe (Chrono Boost)  
  26  2:44  Stargate  
  27  2:45  Probe (Chrono Boost)  
  28  2:54  Probe (Chrono Boost)  
  28  2:55  Stalker  
  31  2:59  Probe (Chrono Boost)  
  32  3:08  Probe (Chrono Boost)  
  32  3:10  Probe (Chrono Boost)  
  34  3:18  Stargate  
  34  3:19  Probe (Chrono Boost)  
  35  3:31  Probe (Chrono Boost)  
  36  3:40  Probe (Chrono Boost)  
  35  3:46  Oracle (Chrono Boost)  
  38  3:49  Probe x2  
  38  3:51  Assimilator  
  38  3:53  Assimilator  
  40  3:59  Probe  
  40  4:00  Pylon  
  40  4:01  Probe  
Tags
 
Add a new tag
Caveats
  • Supply blocks, unpowered buildings, or Contaminate may cause inaccurate times.
  • Supply counts are checked every 10 seconds.